 Dungeon Crawl Stone Soup version 0.18.1-48-g4cf74bf (webtiles) character file.

308875 theElss the Peltast (level 21, -1/129 HPs)
             Began as a Gargoyle Berserker on July 2, 2016.
             Was the Champion of Trog.
             Shot with a bolt by a yaktaur captain (2 damage)
             ... on level 3 of the Vaults.
             The game lasted 03:53:10 (55547 turns).

theElss the Peltast (Gargoyle Berserker)           Turns: 55547, Time: 03:53:11

Health: -1/129     AC: 45    Str: 34    XL:     21   Next: 22%
Magic:  29/29      EV: 13    Int: 10    God:    Trog [******]
Gold:   1719       SH: 25    Dex: 12    Spells: 0 memorised, 20 levels left

rFire  + . .     SeeInvis +     d - +10 mace of Killer Klown's Foe {holy, +Fly Str+4 Stlth+}
rCold  . . .     Gourm    +     E - +4 plate armour
rNeg   + + .     Faith    .     H - +0 large shield
rPois  ∞         Spirit   .     P - +2 hat {MR+}
rElec  +         Dismiss  .     x - +0 cloak
rCorr  .         Reflect  .     g - +1 pair of gloves
SustAt .         Harm     .     v - +0 pair of boots
MR     ++++.                    W - amulet of the gourmand
Stlth  ..........               N - ring "Kibaa" {rF+ Str+4 Stlth+}
                                M - ring of Shadows {Umbra +Inv rN+ SInv}

@: exhausted, flying, regenerating, slowed, wreathed by umbra, very slow,
incredibly resistant to hostile enchantments, extremely unstealthy
A: big wings, negative energy resistance 1, electricity resistance, unbreathing,
petrification resistance, rot immunity, AC +15
a: Stop Flying, Berserk, Trog's Hand, Brothers in Arms, Burn Spellbooks,
Renounce Religion, Evoke Invisibility
}: 2/15 runes: serpentine, barnacled


You were on level 3 of the Vaults.
You worshipped Trog.
Trog was exalted by your worship.
You were near starving.

You visited 9 branches of the dungeon, and saw 39 of its levels.
You visited 1 bazaar.

You collected 3933 gold pieces.
You spent 2214 gold pieces at shops.

Inventory:

Hand Weapons
 d - the +10 mace of Killer Klown's Foe (weapon) {holy, +Fly Str+4 Stlth+}
   (Trog gifted it to you on level 1 of the Crypt)

   It has been blessed by the Shining One to cause great damage to the undead
   and demons.
   It affects your strength (+4).
   It lets you fly.
   It makes you more stealthy.
 G - the +5 morningstar "Tuilel" {antimagic, rElec rF+ Dex+4}
   (Trog gifted it to you on level 2 of the Orcish Mines)

   It disrupts the flow of magical energy around spellcasters and certain
   magical creatures (including the wielder).
   It affects your dexterity (+4).
   It protects you from fire.
   It insulates you from electricity.
Armour
 g - a +1 pair of gloves (worn)
 v - a +0 pair of boots (worn)
 x - a +0 cloak (worn)
 E - a +4 plate armour (worn)
 H - a +0 large shield (worn)
 P - a +2 hat of magic resistance (worn)
Jewellery
 p - an uncursed ring of sustain attributes
 q - a +3 ring of dexterity
 B - an uncursed ring of protection from magic
 L - an uncursed ring of resist corrosion
 M - the ring of Shadows (left hand) {Umbra +Inv rN+ SInv}
   (You bought it in a shop on level 2 of the Orcish Mines)

   [ring of positive energy]

   It protects you from negative energy.
   It lets you see invisible.
   It lets you turn invisible.
 N - the ring "Kibaa" (right hand) {rF+ Str+4 Stlth+}
   (You bought it in a shop on level 2 of the Orcish Mines)

   [ring of stealth]

   It affects your strength (+4).
   It protects you from fire.
   It makes you more stealthy.
 U - an uncursed amulet of magic regeneration
 W - an amulet of the gourmand (around neck)
Wands
 i - a wand of disintegration (13/24)
 t - a wand of iceblast (6/15)
 y - a wand of polymorph (12/24)
 z - a wand of digging (13/24)
 A - a wand of slowing (30/48)
 V - a wand of flame (9/48)
Scrolls
 a - 2 scrolls of fear
 c - a scroll of enchant weapon
 e - 4 scrolls of holy word
 h - 13 scrolls of teleportation
 l - 9 scrolls of blinking
 s - a scroll of enchant armour
 u - 15 scrolls of remove curse
 w - 9 scrolls of identify
 O - a scroll of magic mapping
 S - 7 scrolls of fog
Potions
 k - 5 potions of heal wounds
 n - 5 potions of resistance
 o - 2 potions of cancellation
 r - a potion of berserk rage
 F - 6 potions of brilliance
 J - 11 potions of curing
 X - 2 potions of haste
Books
 D - a book of Enchantments

   Spells                             Type                      Level
   a - Cause Fear                     Hexes                        4
   b - Yara's Violent Unravelling     Hexes/Transmutation          5
   c - Silence                        Hexes/Air                    5
   d - Deflect Missiles               Charms/Air                   6
   e - Haste                          Charms                       6
   f - Discord                        Hexes                        8
   Trog disapproves of the use of such an item.
Miscellaneous
 j - a fan of gales
 C - a disc of storms
 I - a phantom mirror
 Q - a stone of tremors
 R - a stone of tremors
Comestibles
 b - 2 fruits
 f - 19 meat rations
 m - 3 bread rations
 K - 2 beef jerkies


   Skills:
 + Level 13.2 Fighting
 + Level 18.3 Maces & Flails
 * Level 16.9 Armour
 - Level 12.0 Dodging
 - Level 1.0 Stealth
 + Level 19.5 Shields
 - Level 11.2 Evocations


You had 20 spell levels left.
You didn't know any spells.

Dungeon Overview and Level Annotations

Branches:
Dungeon (13/15)            Temple (1/1) D:5            Lair (8/8) D:11
 Shoals (4/4) Lair:5        Snake (4/4) Lair:4        Slime (0/6) Lair:7
    Orc (2/2) D:11            Elf (2/3) Orc:2        Vaults (3/5) D:13
  Crypt (2/3) Vaults:3

Altars:
Ashenzari
Cheibriados
Dithmenos
Elyvilon
Fedhas
Gozag
Kikubaaqudgha
Makhleb
Nemelex Xobeh
Okawaru
Pakellas
Qazlal
Ru
Sif Muna
Trog
Vehumet
Xom
Yredelemnul
Zin
The Shining One
Jiyva

Shops:
D:5 (   D:10 !   Orc:1 (   Orc:2 }:*=   Elf:2 :   Snake:2 *   Snake:3 *
Vaults:1 :(   Vaults:2 !:}[:*

Annotations:
D:8 exclusion: oklob plant
Lair:1 exclusion: 2 oklob plants


Innate Abilities, Weirdness & Mutations

You are resistant to torment.
Your stone body is resilient (AC +15).
You are immune to poison.
Your large and strong wings let you fly indefinitely.
You resist negative energy.
You are resistant to electric shocks.
You can survive without breathing.
You are immune to petrification.
You are immune to rotting.


Message History

The ogre is almost dead.
You block the ice dragon's attack. x2; The ice dragon barely misses you.
Unknown command.
You hammer the ogre like a gong!!!
You kill the ogre!
Trog accepts your kill.
The ogre mage points at you and mumbles some strange words.
The sting hits you! You resist.
Unknown command.
Unknown command.
You bludgeon the ice dragon!!
The ice dragon is severely wounded.
You are no longer berserk.
You are exhausted.
You feel yourself slow down.
You are near starving!
The yaktaur captain shoots a bolt.
The bolt hits you!
* * * LOW HITPOINT WARNING * * *
The bolt burns you.
You die...

#### .....
######## .....
#..%[..#......
.#......#...C..
.'c.$..O'......
#.c.cD)#
#..CO.@#
#).cc..#
#####+##


You could see a frost giant, an ice dragon, a yaktaur captain, an ogre mage, 4
yaktaurs and an ogre.

Vanquished Creatures
  Nikola (Elf:1)
  Asterion (Elf:2)
  Polyphemus (Shoals:4)
  Kirke (Lair:8)
  Gastronok (Lair:1)
  5 greater nagas
  A tengu reaver (Vaults:2)
  Ilsuiw (Shoals:4)
  A fire giant (Vaults:2)
  An orc warlord (Orc:2)
  Aizul (Shoals:3)
  2 deep elf sorcerers (Elf:1)
  2 vault wardens (Vaults:2)
  A curse skull (Crypt:2)
  2 ironheart preservers
  6 stone giants
  4 vampire knights
  Azrael (Elf:1)
  A deep elf annihilator (Elf:1)
  3 merfolk javelineers
  3 deep elf death magi
  An ettin (Vaults:2)
  Snorg (Lair:8)
  5 vault guards
  4 jiangshi
  5 yaktaur captains
  8 merfolk impalers
  A fire dragon (Vaults:2)
  A great orb of eyes (Vaults:2)
  2 deep elf high priests (Elf:1)
  3 rakshasas
  15 naga warriors
  3 hydras
  Harold (D:11)
  An ice dragon (Vaults:1)
  2 merfolk avatars (Shoals:4)
  8 anacondas
  5 ogre magi
  3 merfolk aquamancers
  4 centaur warriors
  14 death yaks
  3 death knights
  2 alligator snapping turtles
  4 catoblepae
  4 satyrs
  A tengu warrior (D:13)
  23 dancing weapons
  2 vampire magi (Crypt:1)
  A titan zombie (Crypt:1)
  12 naga sharpshooters
  3 orc high priests (Orc:2)
  7 shock serpents
  Urug (Lair:4)
  A titan skeleton (Crypt:1)
  Nergalle (D:12)
  21 deep elf knights
  3 shadow wraiths
  8 skeletal warriors
  A fire crab (Vaults:3)
  A golden dragon zombie (Crypt:1)
  3 sea snakes
  4 wizards
  A salamander mystic (Snake:4)
  An unseen horror (D:13)
  A giant orange brain (shapeshifter) (Elf:1)
  A giant orange brain (Vaults:1)
  A flayed ghost (Crypt:2)
  An orange crystal statue (Elf:2)
  11 orc knights
  2 naga ritualists (Snake:4)
  29 harpies
  4 ironbrand convokers
  8 deep elf archers
  2 phantasmal warriors (Crypt:1)
  A wolf spider (Vaults:2)
  5 hill giants
  17 griffons
  5 necromancers
  56 deep elf magi
  19 ugly things
  2 hornets (Vaults:2)
  An oklob plant (Lair:8)
  11 fauns
  7 orc sorcerers
  7 salamanders
  4 mana vipers
  12 manticores
  6 cyclopes
  A fire giant zombie (Vaults:1)
  2 stone giant skeletons (Crypt:1)
  A sphinx skeleton (Crypt:2)
  3 guardian serpents
  30 black mambas
  10 water nymphs
  A shock serpent zombie (Crypt:1)
  26 naga magi
  7 sirens
  The ghost of Malvoorn the Conjurer, a novice GrWz (D:5)
  2 gargoyles
  A human zombie (Vaults:1)
  A torpor snail (Lair:8)
  13 spiny frogs
  A storm dragon simulacrum (Crypt:2)
  4 centaur skeletons
  6 vault sentinels
  7 freezing wraiths
  A kobold demonologist (D:11)
  17 yaktaurs
  2 rime drakes
  A dire elephant skeleton (Crypt:1)
  The ghost of theElss the Skirmisher, a novice GrBe of Trog (D:4)
  2 human skeletons
  9 komodo dragons
  34 merfolk
  A yaktaur skeleton (Vaults:1)
  A tengu conjurer (Elf:1)
  A yellow draconian skeleton (Crypt:1)
  13 two-headed ogres
  A merfolk (shapeshifter) (D:13)
  A queen bee (D:8)
  2 wind drakes
  7 trolls
  13 slime creatures
  11 blink frogs
  A human simulacrum (Vaults:1)
  A fire giant simulacrum (Vaults:2)
  6 snapping turtles
  A frost giant simulacrum (Crypt:2)
  Sigmund (D:4)
  An air elemental (Elf:2)
  2 shadows
  2 redbacks (Vaults:1)
  4 hill giant zombies
  A vampire (D:11)
  A wyvern (D:11)
  7 wraiths
  9 water elementals
  30 yaks
  8 hippogriffs
  18 humans (D:13)
  Eustachio (D:5)
  3 basilisks
  6 hungry ghosts
  8 fire elementals
  A steam dragon (D:11)
  Edmund (D:6)
  Menkaure (D:5)
  8 vampire mosquitoes
  6 wargs
  A soldier ant (D:10)
  62 nagas
  19 water moccasins
  A spiny frog zombie (Crypt:2)
  Duvessa (D:5)
  2 hell hounds (Elf:1)
  A giant eyeball (shapeshifter) (Elf:1)
  10 porcupines
  25 orc warriors
  3 ice beasts
  5 phantoms
  2 black bears
  29 ogres
  4 sky beasts
  3 wasps (D:11)
  An elephant zombie (Lair:7)
  11 wolves
  6 boggarts
  A blink frog skeleton (Crypt:2)
  12 crocodiles
  7 centaurs
  A rime drake zombie (Crypt:1)
  A big kobold (D:9)
  Blork the orc (D:6)
  2 komodo dragon zombies
  2 earth elementals (Elf:1)
  13 giant frogs
  A wyvern zombie (D:9)
  An ogre simulacrum (Vaults:1)
  A warg zombie (Crypt:2)
  A dryad skeleton (Crypt:2)
  Dowan (D:5)
  2 scorpions
  22 killer bees
  A troll zombie (D:11)
  11 wights
  7 electric eels (Lair:7)
  A warg skeleton (Crypt:2)
  A hippogriff skeleton (Crypt:1)
  4 howler monkeys
  11 jellies
  6 crimson imps
  3 centaur zombies
  A giant frog zombie (D:11)
  A quasit (D:6)
  3 giant frog skeletons
  26 orc priests
  24 orc wizards
  8 hounds
  A demonspawn skeleton (Crypt:2)
  4 iguanas
  8 worker ants
  26 sheep
  A crocodile zombie (Lair:7)
  4 ogre zombies (D:11)
  A naga skeleton (Crypt:1)
  A hound skeleton (D:4)
  A worker ant zombie (D:7)
  3 gnolls (D:7)
  16 adders
  52 river rats
  A shadow imp (D:13)
  12 oozes
  An adder skeleton (D:4)
  2 worms (D:3)
  7 dart slugs
  7 giant geckos
  72 orcs
  6 giant cockroaches
  11 goblins
  12 hobgoblins
  14 jackals
  A quokka (D:9)
  5 ball pythons
  A ball python skeleton (Crypt:2)
  21 bats
  A giant cockroach zombie (D:6)
  10 giant newts
  A giant newt skeleton (Crypt:1)
  A goblin skeleton (D:11)
  2 goblin zombies (D:11)
  3 hobgoblin skeletons (D:11)
  2 hobgoblin zombies (D:11)
  12 kobolds
  An orc skeleton (D:11)
  15 orc zombies (D:11)
  17 rats
  A fungus (D:11)
1531 creatures vanquished.

Vanquished Creatures (others)
  A deep elf demonologist (Elf:1)
  5 humans (Lair:8)
  A naga (Snake:2)
  An ogre (Vaults:2)
  A jelly (D:11)
  An orc zombie (D:11)
  15 fungi
  A lost soul (Crypt:2)
  16 plants
42 creatures vanquished.

Grand Total: 1573 creatures vanquished

Notes
Turn   | Place    | Note
--------------------------------------------------------------
     0 | D:1      | theElss the Gargoyle Berserker began the quest for the Orb.
     0 | D:1      | Reached XP level 1. HP: 14/14 MP: 1/1
    72 | D:1      | Reached XP level 2. HP: 10/19 MP: 2/2
   325 | D:1      | Reached ** piety under Trog
   634 | D:1      | Reached XP level 3. HP: 24/24 MP: 3/3
  1161 | D:2      | Reached XP level 4. HP: 29/29 MP: 4/4
  1361 | D:2      | Reached *** piety under Trog
  1704 | D:3      | Reached XP level 5. HP: 33/33 MP: 5/5
  2097 | D:3      | Found a glowing golden altar of the Shining One.
  2191 | D:3      | Found a basalt altar of Yredelemnul.
  2208 | D:3      | Found an opulent altar of Gozag.
  2211 | D:3      | Found a bloodstained altar of Trog.
  2214 | D:3      | Found a deep blue altar of Sif Muna.
  2215 | D:3      | Found a glowing golden altar of the Shining One.
  2576 | D:4      | Noticed theElss's ghost (novice GrBe)
  2992 | D:5      | Entered Level 5 of the Dungeon
  3057 | D:5      | Noticed Malvoorn's ghost (novice GrWz)
  3081 | D:5      | Killed Malvoorn's ghost
  3081 | D:5      | Reached XP level 6. HP: 40/40 MP: 6/6
  3081 | D:5      | Reached XP level 7. HP: 44/44 MP: 7/7
  3182 | D:4      | Noticed Sigmund
  3211 | D:4      | Killed Sigmund
  3211 | D:4      | Reached skill level 5 in Maces & Flails
  3585 | D:5      | Noticed Duvessa
  3585 | D:5      | Noticed Dowan
  3592 | D:5      | Killed Duvessa
  3592 | D:5      | Reached skill level 5 in Armour
  3596 | D:5      | Killed Dowan
  3596 | D:5      | Reached XP level 8. HP: 48/48 MP: 8/8
  3657 | D:5      | Noticed Eustachio
  3680 | D:5      | Killed Eustachio
  3680 | D:5      | Reached skill level 5 in Fighting
  3929 | D:5      | Found a staircase to the Ecumenical Temple.
  3935 | Temple   | Entered the Ecumenical Temple
  4065 | D:5      | Found Bohieb's Antique Weapon Shop.
  4168 | D:5      | Reached **** piety under Trog
  4189 | D:5      | Noticed Menkaure
  4195 | D:5      | Killed Menkaure
  4195 | D:5      | Reached skill level 1 in Stealth
  4253 | D:5      | Found a shimmering altar of Xom.
  4253 | D:5      | Found a sacrificial altar of Ru.
  4356 | D:6      | Noticed Edmund
  4412 | D:6      | Killed Edmund
  4490 | D:6      | Noticed Blork the orc
  4513 | D:6      | Killed Blork the orc
  5196 | D:6      | Reached XP level 9. HP: 54/54 MP: 9/9
  6151 | D:7      | Found a stormy altar of Qazlal.
  6586 | D:4      | Killed theElss's ghost
  6895 | D:8      | Noticed a queen bee
  6913 | D:8      | Killed a queen bee
  6921 | D:8      | Reached XP level 10. HP: 41/60 MP: 10/10
  6972 | D:8      | Reached skill level 10 in Maces & Flails
  7326 | D:8      | Got a brightly glowing trident
  7655 | D:8      | Noticed an oklob plant
  8509 | D:9      | Reached ***** piety under Trog
  8780 | D:9      | Received a gift from Trog
  9279 | D:10     | Entered Level 10 of the Dungeon
  9285 | D:10     | Reached skill level 10 in Armour
  9299 | D:10     | Reached XP level 11. HP: 56/64 MP: 11/11
  9390 | D:10     | Got a translucent halberd
  9555 | D:10     | Noticed a green ugly thing
  9587 | D:10     | Killed a green ugly thing
  9764 | D:10     | Reached skill level 1 in Shields
  9852 | D:10     | Found Duwiwiho's Distillery.
  9919 | D:10     | Bought a potion of mutation for 35 gold pieces
  9919 | D:10     | Bought a potion of cancellation for 112 gold pieces
 10090 | D:10     | Reached skill level 2 in Shields
 10438 | D:11     | Reached skill level 3 in Shields
 10512 | D:11     | Noticed Harold
 10530 | D:11     | Killed Harold
 10530 | D:11     | Reached skill level 4 in Shields
 10872 | D:11     | Reached skill level 5 in Shields
 10877 | D:11     | Noticed a manticore
 10898 | D:11     | Killed a manticore
 11016 | D:11     | Found a staircase to the Lair.
 11073 | D:11     | Noticed a hill giant
 11085 | D:11     | Killed a hill giant
 11085 | D:11     | Reached skill level 6 in Shields
 11119 | D:11     | Reached skill level 7 in Shields
 11137 | D:11     | Received a gift from Trog
 11183 | D:11     | Noticed a hill giant
 11189 | D:11     | Noticed a purple ugly thing
 11194 | D:11     | Killed a hill giant
 11194 | D:11     | Reached skill level 8 in Shields
 11208 | D:11     | Killed a purple ugly thing
 11225 | D:11     | Noticed a cyclops
 11272 | D:11     | Killed a cyclops
 11272 | D:11     | Reached skill level 9 in Shields
 11358 | D:11     | Found a staircase to the Orcish Mines.
 11360 | D:11     | Noticed a deep elf mage
 11468 | D:11     | Reached XP level 12. HP: 63/68 MP: 12/12
 11750 | D:11     | Reached skill level 10 in Shields
 12610 | D:11     | Reached skill level 11 in Shields
 12937 | D:12     | Noticed a centaur warrior
 12961 | D:12     | Killed a centaur warrior
 12996 | D:12     | Noticed Nergalle
 13015 | D:12     | Killed Nergalle
 13104 | D:12     | Received a gift from Trog
 14643 | Temple   | Identified the +4 halberd of Pimy {venom, Int+5} (You found it on level 10 of the Dungeon)
 14644 | Temple   | Identified the cursed +1 trident "Laomm" {pierce, Dex+4} (You found it on level 8 of the Dungeon)
 14882 | D:13     | Reached XP level 13. HP: 72/76 MP: 13/13
 15599 | D:13     | Received a gift from Trog
 15997 | D:13     | Reached skill level 12 in Shields
 16199 | D:13     | Noticed a vault guard
 16219 | D:13     | Killed a vault guard
 16561 | D:13     | Found a gate to the Vaults.
 16951 | Lair:1   | Entered Level 1 of the Lair of Beasts
 17669 | Lair:1   | Noticed Gastronok
 17690 | Lair:1   | Killed Gastronok
 18149 | Lair:2   | Found a burning altar of Makhleb.
 18170 | Lair:2   | You fall through a shaft for 2 floors!
 18269 | Lair:3   | Received a gift from Trog
 19653 | Lair:3   | Reached skill level 13 in Shields
 19978 | Lair:3   | Gained mutation: Your large and strong wings let you fly indefinitely. [Gargoyle growth]
 19978 | Lair:3   | Reached XP level 14. HP: 82/84 MP: 14/14
 20731 | Lair:4   | Found a staircase to the Snake Pit.
 20846 | Lair:4   | Noticed Urug
 20883 | Lair:4   | Killed Urug
 21701 | Lair:5   | Found a staircase to the Shoals.
 22495 | Lair:5   | Reached skill level 14 in Shields
 24105 | Lair:7   | Found a staircase to the Slime Pits.
 24106 | Lair:7   | Found a viscous altar of Jiyva.
 24206 | Lair:7   | Reached skill level 1 in Evocations
 24533 | Lair:8   | Entered Level 8 of the Lair of Beasts
 24547 | Lair:8   | Noticed Snorg
 24573 | Lair:8   | Killed Snorg
 24576 | Lair:8   | Received a gift from Trog
 24913 | Lair:8   | Noticed Kirke
 24925 | Lair:8   | Killed Kirke
 25253 | Lair:8   | Found a blossoming altar of Fedhas.
 25459 | Lair:8   | Reached skill level 5 in Evocations
 25860 | Lair:8   | Reached XP level 15. HP: 74/89 MP: 6/19
 26633 | Lair:8   | Identified The Last Almanac of the Blind Seer
 27252 | Orc:1    | Entered Level 1 of the Orcish Mines
 27399 | Orc:1    | Found Jiatiece's Antique Weapon Boutique.
 27665 | Orc:2    | Entered Level 2 of the Orcish Mines
 27727 | Orc:2    | Noticed an orc warlord
 27998 | Orc:2    | Killed an orc warlord
 28491 | Orc:2    | Found a staircase to the Elven Halls.
 28638 | Orc:2    | Received a gift from Trog
 29147 | Orc:2    | Got a bloodstained morningstar {god gift}
 29148 | Orc:2    | Identified the +5 morningstar "Tuilel" {antimagic, rElec rF+ Dex+4} (Trog gifted it to you on level 2 of the Orcish Mines)
 29408 | Orc:2    | Reached ****** piety under Trog
 29408 | Orc:2    | Received a gift from Trog
 29408 | Orc:2    | Reached skill level 10 in Evocations
 30107 | Orc:2    | Found Puides's Jewellery Boutique.
 30107 | Orc:2    | Found Noewk's Gadget Shoppe.
 30109 | Orc:2    | Found Wocyrry's General Store.
 30109 | Orc:2    | Found Vuasm's Book Shoppe.
 30117 | Orc:2    | Bought a scroll of teleportation for 36 gold pieces
 30117 | Orc:2    | Bought a potion of might for 48 gold pieces
 30120 | Orc:2    | Bought a phantom mirror for 360 gold pieces
 30125 | Orc:2    | Bought an uncursed ring of resist corrosion for 200 gold pieces
 30125 | Orc:2    | Bought the ring of Shadows {Umbra +Inv rN+ SInv} for 382 gold pieces
 30125 | Orc:2    | Bought the ring "Kibaa" {rF+ Str+4 Stlth+} for 399 gold pieces
 30490 | Shoals:1 | Entered Level 1 of the Shoals
 30498 | Shoals:1 | Found a flickering gateway to a bazaar.
 30519 | Bazaar   | Entered a bazaar
 30533 | Bazaar   | Found Runn's Book Emporium.
 30548 | Bazaar   | Found Boziuxel's Book Emporium.
 30563 | Bazaar   | Found Xokimn's Antique Armour Emporium.
 30578 | Bazaar   | Found Maelued's Magic Scroll Shoppe.
 30582 | Bazaar   | Bought a scroll of teleportation for 36 gold pieces
 30582 | Bazaar   | Bought a scroll of blinking for 90 gold pieces
 30582 | Bazaar   | Bought a scroll of teleportation for 36 gold pieces
 30582 | Bazaar   | Bought a scroll of identify for 24 gold pieces
 30582 | Bazaar   | Bought a scroll of enchant weapon for 90 gold pieces
 30582 | Bazaar   | Bought a scroll of identify for 24 gold pieces
 30582 | Bazaar   | Bought a scroll of amnesia for 42 gold pieces
 30582 | Bazaar   | Bought a scroll of vulnerability for 90 gold pieces
 30582 | Bazaar   | Bought a scroll of random uselessness for 12 gold pieces
 30582 | Bazaar   | Bought a scroll of identify for 24 gold pieces
 31007 | Shoals:1 | Reached skill level 5 in Dodging
 31517 | Shoals:1 | Reached XP level 16. HP: 63/95 MP: 8/24
 32153 | Shoals:2 | Received a gift from Trog
 32217 | Shoals:2 | Found Suddudgh's Antique Weapon Shoppe.
 34732 | Shoals:3 | Received a gift from Trog
 35253 | Shoals:4 | Entered Level 4 of the Shoals
 35307 | Shoals:4 | Reached skill level 10 in Dodging
 35684 | Shoals:4 | Noticed Ilsuiw
 35686 | Shoals:4 | Noticed Aizul
 36123 | Shoals:3 | Killed Aizul
 36442 | Shoals:4 | Killed Ilsuiw
 36648 | Shoals:4 | Reached XP level 17. HP: 95/99 MP: 8/25
 37503 | Shoals:4 | Noticed Polyphemus
 37524 | Shoals:4 | Killed Polyphemus
 37976 | Shoals:4 | Received a gift from Trog
 38451 | Shoals:4 | Got a barnacled rune of Zot
 38829 | Snake:1  | Entered Level 1 of the Snake Pit
 38962 | Snake:1  | Reached skill level 15 in Maces & Flails
 39859 | Snake:2  | Reached skill level 15 in Shields
 40492 | Snake:2  | Found Aceczoto's Assorted Antiques.
 41129 | Snake:3  | Received a gift from Trog
 41238 | Snake:3  | Found Kilo's Assorted Antiques.
 41242 | Snake:3  | Bought a glowing blue potion for 27 gold pieces
 41242 | Snake:3  | Bought a scroll of identify for 60 gold pieces
 41242 | Snake:3  | Bought a scroll of identify for 60 gold pieces
 41242 | Snake:3  | Bought a murky green potion for 27 gold pieces
 41493 | Snake:3  | Found a bloodstained altar of Trog.
 42284 | Snake:3  | Reached XP level 18. HP: 85/107 MP: 8/26
 42415 | Snake:4  | Entered Level 4 of the Snake Pit
 42623 | Snake:4  | Reached skill level 10 in Fighting
 43137 | Snake:4  | Received a gift from Trog
 44070 | Snake:4  | Reached skill level 16 in Shields
 44287 | Snake:4  | Received a gift from Trog
 45061 | Snake:4  | Got a serpentine rune of Zot
 45445 | Vaults:1 | Entered Level 1 of the Vaults
 45661 | Vaults:1 | Received a gift from Trog
 45914 | Vaults:1 | Found Pohijiucha's Book Boutique.
 46402 | Vaults:1 | Found Qura's Weapon Shop.
 46631 | Vaults:2 | Found Lyatt's Gadget Shop.
 46718 | Vaults:2 | Reached XP level 19. HP: 61/114 MP: 9/27
 46848 | Vaults:2 | Reached skill level 15 in Armour
 46981 | Vaults:2 | Reached skill level 17 in Shields
 47664 | Vaults:2 | Received a gift from Trog
 47804 | Vaults:2 | Found Zufayri's Book Shoppe.
 47882 | Vaults:2 | Found Peisuapral's Antique Armour Emporium.
 48160 | Vaults:2 | Found Oniyxir's Book Shop.
 48168 | Vaults:2 | Found Waiwk's Distillery.
 48833 | Vaults:2 | Found Riecuy's Assorted Antiques.
 49291 | Vaults:2 | Received a gift from Trog
 50046 | Elf:1    | Entered Level 1 of the Elven Halls
 50092 | Elf:1    | Reached skill level 18 in Shields
 50211 | Elf:1    | Noticed Azrael
 50261 | Elf:1    | Killed Azrael
 50439 | Elf:1    | Reached XP level 20. HP: 91/122 MP: 9/28
 50757 | Elf:1    | Received a gift from Trog
 51106 | Elf:1    | Noticed Nikola
 51127 | Elf:1    | Killed Nikola
 51495 | Elf:1    | Received a gift from Trog
 51702 | Elf:2    | Found an ancient bone altar of Kikubaaqudgha.
 51752 | Elf:2    | Found a runed gate.
 51768 | Elf:2    | Found a runed gate.
 51938 | Elf:2    | Found a runed gate.
 52117 | Elf:2    | Found Zukhuw's One-of-a-Kind Books.
 52886 | Elf:2    | Noticed Asterion
 52915 | Elf:2    | Killed Asterion
 53035 | Elf:2    | Reached skill level 19 in Shields
 53380 | Lair:2   | Identified a +1 rod of inaccuracy (11/11) (You found it on level 3 of the Shoals)
 53431 | Lair:2   | Identified 3 scrolls of acquirement
 53665 | Vaults:3 | Found a staircase to the Crypt.
 53675 | Crypt:1  | Entered Level 1 of the Crypt
 53920 | Crypt:1  | Received a gift from Trog
 53972 | Crypt:1  | Got a faintly glowing mace {god gift}
 53973 | Crypt:1  | Identified the +10 mace of Killer Klown's Foe {holy, +Fly Str+4 Stlth+} (Trog gifted it to you on level 1 of the Crypt)
 54366 | Crypt:1  | Reached XP level 21. HP: 110/129 MP: 29/29
 55547 | Vaults:3 | HP: 1/129 [yaktaur captain/bolt (12)]
 55547 | Vaults:3 | Shot with a bolt by a yaktaur captain

Skill      XL: |  1  2  3  4  5  6  7  8  9 10 11 12 13 14 15 16 17 18 19 20 |
---------------+-------------------------------------------------------------+-----
Dodging        | 2 3 4 5 11 12 | 12.0
Fighting       | 4 5 6 8 9 11 12 13 | 13.2
Maces & Flails | 4 5 6 9 12 13 14 15 16 17 18 | 18.3
Armour         | 4 5 7 8 10 11 12 13 14 15 16 | 16.9
Stealth        | 1 |  1.0
Shields        | 9 11 13 14 15 16 18 19 | 19.5
Evocations     | 5 11 | 11.2

Action                   |  1- 3 |  4- 6 |  7- 9 | 10-12 | 13-15 | 16-18 | 19-21 || total
-------------------------+-------+-------+-------+-------+-------+-------+-------++-------
Melee: Mace              |   129 |   172 |   137 |       |       |       |   381 ||   819
       Flail             |       |       |   304 |  1652 |  2062 |       |       ||  4018
       Eveningstar       |       |       |       |       |   575 |       |       ||   575
       Morningstar       |       |       |       |       |   382 |  2802 |  1859 ||  5043
Invok: Berserk           |       |     2 |     7 |    15 |     9 |     7 |     6 ||    46
       Trog's Hand       |       |       |     2 |     1 |     1 |     4 |     5 ||    13
 Abil: Fly               |       |       |       |       |     1 |       |       ||     1
       Evoke Invisibilit |       |       |       |       |       |     1 |     1 ||     2
  Use: Scroll            |       |       |     5 |     7 |     6 |     6 |     6 ||    30
       Potion            |       |       |       |       |       |     1 |     1 ||     2
 Stab: Invisible         |       |       |       |       |       |     3 |       ||     3
  Eat: Chunk             |     1 |     7 |    18 |    78 |    70 |    61 |    37 ||   272
       Fruit             |       |       |     2 |     2 |       |       |     1 ||     5
       Bread ration      |       |       |       |     4 |       |       |       ||     4
       Pizza             |       |       |       |     1 |       |       |       ||     1
Armor: Animal skin       |    44 |       |       |       |       |       |       ||    44
       Ring mail         |    11 |    30 |       |       |       |       |       ||    41
       Chain mail        |       |    64 |   159 |       |       |       |       ||   223
       Plate armour      |       |       |   176 |  1069 |  1415 |  1185 |   722 ||  4567
Dodge: Dodged            |   111 |    90 |   222 |   575 |   588 |   794 |   487 ||  2867
Block: Buckler           |       |       |       |   263 |    81 |       |       ||   344
       Large shield      |       |       |       |       |  2565 |  2924 |  1951 ||  7440
